 Dungeon Crawl Stone Soup version 0.31-a0-149-g3fdcc5976a (webtiles) character file.

Game seed: 8808467035129165917

2320031 Ge0ff the Wriggler of the Path (level 27, 176/195 HPs)
             Began as an Octopode Reaver on June 6, 2023.
             Was a Priest of Ru.
             Escaped with the Orb
             ... and 5 runes on June 7, 2023!
             The game lasted 04:34:28 (117642 turns).

Ge0ff the Wriggler of the Path (Octopode Reaver)  Turns: 117642, Time: 04:34:29

Health: 176/195    AC:  3    Str: 27    XL:     27
Magic:  46/46      EV: 25    Int: 45    God:    Ru [***...]
Gold:   16214      SH: 11    Dex: 18    Spells: 2/65 levels left

rFire   + + +        a - staff of fire "Erel" {Fragile rElec rPois rF+ Stlth+}
rCold   + . .        f - +3 buckler {rF+}
rNeg    + . .        h - +2 hat {Will+}
rPois   +            i - amulet of magic regeneration
rElec   +            Q - ring of the Mage {Wiz Archmagi}
rCorr   +            k - ring "Heysh" {EV+5 Int+4}
SInv    +            Z - ring of the Duke {rElec rPois rF+ Str+3 SInv}
Will    +++..        x - ring of Soiss {Ice rN+ Str+4 Int+2} Stlth
                     A - ring "Qikhas" {rF+ Int+4}
HPRegen 0.52/turn    e - ring of Temptation {Fire Int+2}
MPRegen 0.70/turn    t - ring "Kerekose" {rCorr Str+6 Int+8 Slay-5 SInv}
                     L - ring of Bekic {Ice rPois rCorr Dex+6 Stlth-}

%: wizardry (x1), archmagi
@: no status effects
A: almost no armour, amphibious, 8 rings, camouflage 1, gelatinous body 1,
inability to read after injury 2, no stealth, no earth magic, no hexes magic, no
necromancy magic, (nimble swimmer 1), tentacles, mutation resistance 1
0: Orb of Zot
}: 5/15 runes: decaying, slimy, silver, abyssal, gossamer
a: Renounce Religion, Sacrifice a Hand, Sacrifice Experience, Sacrifice
Nimbleness, Reject Sacrifices, Draw Out Power


You escaped.
You worshipped Ru.
Ru was most pleased with you.
You visited 15 branches of the dungeon, and saw 60 of its levels.
You visited the Abyss 2 times.
You visited 1 bazaar.
You also visited: Trove, Ice Cave, Wizlab and Desolation.

You collected 34203 gold pieces.
You spent 5691 gold pieces at shops.
You paid 12298 gold pieces to Gozag.

Inventory:

Hand Weapons
 w - a +9 dagger of draining
Missiles
 g - 3 throwing nets {=F}
 v - 21 curare-tipped darts {=F}
 Y - 4 boomerangs of dispersal
Armour
 f - a +3 buckler of fire resistance (worn)
 h - a +2 hat of willpower (worn)
 D - a +5 kite shield of reflection
Magical Staves
 a - the staff of fire "Erel" (weapon) {Fragile rElec rPois rF+ Stlth+}
   (You found it on level 5 of the Vaults)

   [staff of fire]

   Base accuracy: +5 Base damage: 5 Base attack delay: 1.2 This weapon's minimum
   attack delay (0.6) is reached at skill level 12.
   rF:        It protects you from fire.
   rElec:     It insulates you from electricity.
   rPois:     It protects you from poison.
   Fragile:   It will be destroyed if unequipped.
   Stlth:     It makes you more stealthy.
   It falls into the 'Staves' category.
   It is a one-tentacled weapon.
 b - the staff of cold "Zaowooh" {rF+ rC+ Will+ rCorr}
   (You found it on level 3 of the Elven Halls)

   [staff of cold]

   Base accuracy: +5 Base damage: 5 Base attack delay: 1.2 This weapon's minimum
   attack delay (0.6) is reached at skill level 12.
   rF:        It protects you from fire.
   rC:        It protects you from cold.
   rCorr:     It protects you from acid and corrosion.
   Will:      It increases your willpower.
   It falls into the 'Staves' category.
   It is a one-tentacled weapon.
Jewellery
 e - the ring of Temptation (on tentacle) {Fire Int+2}
   (You took it off a deep elf death mage on level 3 of the Elven Halls)

   [ring of fire]

   It enhances your fire magic.
   Int:       It affects your intelligence (+2).
   rF:        It protects you from fire.
   rC:        It makes you vulnerable to cold.
 i - an amulet of magic regeneration (around mantle)
 k - the ring "Heysh" (right tentacle) {EV+5 Int+4}
   (You took it off a deep elf blademaster on level 3 of the Elven Halls)

   [ring of evasion]

   EV:        It affects your evasion (+5).
   Int:       It affects your intelligence (+4).
 t - the ring "Kerekose" (on tentacle) {rCorr Str+6 Int+8 Slay-5 SInv}
   (You took it off a spriggan defender on level 2 of the Depths)

   [ring of strength]

   Str:       It affects your strength (+6).
   Int:       It affects your intelligence (+8).
   Slay:      It affects your accuracy & damage with ranged weapons and melee
   (-5).
   SInv:      It lets you see invisible.
   rCorr:     It protects you from acid and corrosion.
 x - the ring of Soiss (on tentacle) {Ice rN+ Str+4 Int+2}
   (You bought it in a shop on level 14 of the Dungeon)

   [ring of ice]

   It enhances your ice magic.
   Str:       It affects your strength (+4).
   Int:       It affects your intelligence (+2).
   rF:        It makes you vulnerable to fire.
   rC:        It protects you from cold.
   rN:        It protects you from negative energy.
 A - the ring "Qikhas" (on tentacle) {rF+ Int+4}
   (You took it off an imperial myrmidon in the Desolation of Salt)

   [ring of protection from fire]

   Int:       It affects your intelligence (+4).
   rF:        It protects you from fire.
 L - the ring of Bekic (on tentacle) {Ice rPois rCorr Dex+6 Stlth-}
   (You found it in a treasure trove)

   [ring of ice]

   It enhances your ice magic.
   Dex:       It affects your dexterity (+6).
   rF:        It makes you vulnerable to fire.
   rC:        It protects you from cold.
   rPois:     It protects you from poison.
   rCorr:     It protects you from acid and corrosion.
   Stlth:     It makes you less stealthy.
 Q - the ring of the Mage (left tentacle) {Wiz Archmagi}
   (You found it on level 1 of the Elven Halls)

   [ring of wizardry]

   It improves your spell success rate.
   Archmagi:  It increases the power of your magical spells.
 Z - the ring of the Duke (on tentacle) {rElec rPois rF+ Str+3 SInv}
   (You found it in a treasure trove)

   [ring of poison resistance]

   Str:       It affects your strength (+3).
   rF:        It protects you from fire.
   rElec:     It insulates you from electricity.
   rPois:     It protects you from poison.
   SInv:      It lets you see invisible.
Wands
 d - a wand of digging (8)
 j - a wand of acid (15)
 p - a wand of paralysis (44)
 r - a wand of roots (58)
 s - a wand of mindburst (44)
 P - a wand of polymorph (23)
Scrolls
 m - 5 scrolls of magic mapping
 y - 9 scrolls of immolation
 B - 2 scrolls of blinking
 C - 8 scrolls of poison
 E - 8 scrolls of fear
 F - 5 scrolls of fog
 J - 3 scrolls of silence {!r}
 S - 4 scrolls of butterflies
 T - 20 scrolls of teleportation
 V - 13 scrolls of vulnerability
Potions
 o - 3 potions of ambrosia
 q - 19 potions of curing
 u - 5 potions of mutation {!q}
 z - 2 potions of brilliance
 H - 6 potions of haste {!q}
 I - 3 potions of invisibility
 K - a potion of magic {!q}
 M - 18 potions of might
 N - a potion of cancellation {!q}
 R - 3 potions of resistance
 W - 20 potions of heal wounds {!q}
 X - 9 potions of enlightenment
Miscellaneous
 c - a condenser vane
 l - a lightning rod (4/4)
 n - a phial of floods
 G - the horn of Geryon
 O - a box of beasts
 U - a phantom mirror


   Skills:
 - Level 18.0 Fighting
 - Level 5.0 Short Blades
 - Level 6.0 Throwing
 - Level 12.0 Dodging
 + Level 13.1 Shields
 + Level 19.9 Spellcasting
 + Level 19.9 Conjurations
 - Level 7.0 Translocations
 - Level 10.0 Transmutations
 - Level 18.0 Fire Magic
 + Level 19.9 Air Magic
 - Level 4.0 Poison Magic
 - Level 21.0 Invocations
 - Level 14.0 Evocations


You had 2 spell levels left.
You knew the following spells:

 Your Spells              Type           Power      Damage    Failure   Level
a - Sublimation of Blood  Necr           61%        N/A       1%          2
d - Iskenderun's Mystic   Conj/Tloc      100%       2d19      0%          4
f - Maxwell's Capacitive  Air            73%        ∞         1%          8
g - Apportation           Tloc           100%       N/A       1%          1
h - Lee's Rapid Deconstr  Erth           30%        3d16*     6%          5
l - Chain Lightning       Conj/Air       73%        3d98      6%          9
m - Plasma Beam           Fire/Air       98%        2x1d118   1%          6
p - Passage of Golubria   Tloc           100%       N/A       1%          4
s - Statue Form           Tmut/Erth      62%        N/A       4%          6
w - Passwall              Tmut/Erth      78%        N/A       1%          2
y - Yara's Violent Unrav  Hex/Tmut       47%        3d18      1%          5
B - Blink                 Tloc           100%       N/A       1%          2
C - Airstrike             Air            73%        2d(11-27) 0%          4
E - Irradiate             Conj/Tmut      66%        3d33      1%          5

Your spell library contained the following spells:

 Spells                   Type           Power      Damage    Failure   Level
 Foxfire                  Conj/Fire      100%       2x1d9     0%          1
 Magic Dart               Conj           100%       1d8       0%          1
 Shock                    Conj/Air       100%       1d9       0%          1
 Momentum Strike          Conj/Tloc      100%       3d10      0%          2
 Poisonous Vapours        Pois/Air       100%       N/A       0%          2
 Static Discharge         Conj/Air       100%       2-7/arc   0%          2
 Freeze                   Ice            100%       1d10      1%          1
 Sting                    Tmut/Pois      100%       1d8       1%          1
 Summon Small Mammal      Summ           100%       N/A       1%          1
 Call Imp                 Summ           100%       N/A       1%          2
 Lesser Beckoning         Tloc           100%       N/A       1%          2
 Ignite Poison            Fire/Tmut/Pois 100%       N/A       0%          3
 Mephitic Cloud           Conj/Pois/Air  100%       N/A       0%          3
 Swiftness                Air            100%       N/A       0%          3
 Volatile Blastmotes      Fire/Tloc      100%       2d18      0%          3
 Flame Wave               Conj/Fire      100%       2d21      0%          4
 Sticky Flame             Conj/Fire      100%       2d11      0%          4
 Fireball                 Conj/Fire      98%        3d36      0%          5
 Iskenderun's Battlesphe  Conj           100%       2d15      0%          5
 Conjure Ball Lightning   Conj/Air       73%        3x3d27    0%          6
 Call Canine Familiar     Summ           61%        N/A       1%          3
 Frozen Ramparts          Ice            100%       1d16      1%          3
 Gell's Gravitas          Tloc           100%       N/A       1%          3
 Hailstorm                Conj/Ice       100%       3d20      1%          3
 Ozocubu's Armour         Ice            100%       N/A       1%          3
 Spider Form              Tmut/Pois      100%       N/A       1%          3
 Teleport Other           Tloc           100%       N/A       1%          3
 Ice Form                 Ice/Tmut       100%       N/A       1%          4
 Manifold Assault         Tloc           100%       N/A       1%          4
 Olgreb's Toxic Radiance  Pois           88%        N/A       1%          4
 Summon Ice Beast         Ice/Summ       100%       N/A       1%          4
 Summon Lightning Spire   Summ/Air       100%       N/A       1%          4
 Alistair's Intoxication  Tmut/Pois      69%        N/A       1%          5
 Blade Hands              Tmut           58%        N/A       1%          5
 Freezing Cloud           Conj/Ice/Air   89%        6-21      1%          5
 Dispersal                Tloc           52%        N/A       1%          6
 Eringya's Noxious Bog    Tmut/Pois      52%        N/A       1%          6
 Starburst                Conj/Fire      98%        6d24      1%          6
 Orb of Destruction       Conj           73%        9d17      1%          7
 Storm Form               Tmut/Air       66%        N/A       1%          7
 Ignition                 Fire           97%        3d25      1%          8
 Dragon Form              Tmut           58%        N/A       2%          7
 Fire Storm               Conj/Fire      98%        8d25      9%          9
 Disjunction              Tloc           52%        N/A       56%         8
 Monstrous Menagerie      Summ           30%        N/A       83%         7
 Ozocubu's Refrigeration  Ice            50%        4d18      83%         7
 Kiss of Death            Conj/Necr      Unusable   2d13      N/A         1
 Necrotise                Necr           Unusable   1d9       N/A         1
 Cigotuvi's Dreadful Rot  Necr/Pois/Air  Unusable   N/A       N/A         2
 Ensorcelled Hibernation  Hex/Ice        Unusable   N/A       N/A         2
 Confusing Touch          Hex            Unusable   N/A       N/A         3
 Dazzling Flash           Conj/Hex       Unusable   N/A       N/A         3
 Inner Flame              Hex/Fire       Unusable   N/A       N/A         3
 Portal Projectile        Hex/Tloc       Unusable   N/A       N/A         3
 Stone Arrow              Conj/Erth      Unusable   3d13      N/A         3
 Summon Guardian Golem    Hex/Summ       Unusable   N/A       N/A         3
 Vampiric Draining        Necr           Unusable   2d10      N/A         3
 Anguish                  Hex/Necr       Unusable   N/A       N/A         4
 Animate Armour           Summ/Erth      Unusable   N/A       N/A         4
 Animate Dead             Necr           Unusable   N/A       N/A         4
 Cause Fear               Hex            Unusable   N/A       N/A         4
 Dispel Undead            Necr           Unusable   3d21      N/A         4
 Fulminant Prism          Conj/Hex       Unusable   3d24      N/A         4
 Leda's Liquefaction      Hex/Erth       Unusable   N/A       N/A         4
 Petrify                  Tmut/Erth      Unusable   N/A       N/A         4
 Silence                  Hex/Air        Unusable   N/A       N/A         5
 Leda's Unmaking          Conj/Erth      Unusable   9d10      N/A         6
 Borgnjor's Vile Clutch   Necr/Erth      Unusable   N/A       N/A         5
 Metabolic Englaciation   Hex/Ice        Unusable   N/A       N/A         5
 Summon Mana Viper        Hex/Summ       Unusable   N/A       N/A         5
 Simulacrum               Ice/Necr       Unusable   N/A       N/A         6
 Enfeeble                 Hex            Unusable   N/A       N/A         7
 Haunt                    Necr/Summ      Unusable   N/A       N/A         7
 Necromutation            Tmut/Necr      Unusable   N/A       N/A         8
 Discord                  Hex            Unusable   N/A       N/A         8
 Infestation              Necr           Unusable   N/A       N/A         8
 Shatter                  Erth           Unusable   3d25*     N/A         9

Dungeon Overview and Level Annotations

Branches:
Dungeon (15/15)            Temple (1/1) D:5            Lair (5/5) D:8
  Swamp (4/4) Lair:3       Spider (4/4) Lair:2        Slime (5/5) Lair:5
    Orc (2/2) D:11            Elf (3/3) Orc:2        Vaults (5/5) D:14
  Crypt (3/3) Vaults:2       Tomb (0/3) Crypt:3      Depths (4/4) D:15
   Hell (visited)             Dis (0/7) Hell            Geh (1/7) Hell
    Coc (2/7) Hell            Tar (0/7) Hell            Zot (5/5) Depths:4
  IceCv (visited)          WizLab (visited)         Desolation (visited)

Altars:
Ashenzari
Cheibriados
Dithmenos
Elyvilon
Fedhas
Gozag
Hepliaklqana
Kikubaaqudgha
Makhleb
Nemelex Xobeh
Okawaru
Qazlal
Ru
Sif Muna
Trog
Uskayaw
Vehumet
Wu Jian
Xom
Yredelemnul
Zin
The Shining One
Jiyva

Shops:
D:7 =   D:14 =   D:15 ?:?[   Orc:2 *:?([   Elf:2 (   Vaults:2 [   Vaults:4 ?

Portals:
Hell: Depths:1 Depths:2 Depths:3 Depths:4
Abyss: Depths:3
Pandemonium: Depths:1 Depths:2 Depths:4
Ziggurat: Depths:3


Innate Abilities, Weirdness & Mutations

You cannot wear most types of armour.
You are amphibious.
You can wear up to eight rings at the same time.
Your skin changes colour to match your surroundings (Stealth+).
Your rubbery body absorbs attacks. (AC +1, EV +1)
You sometimes lose the ability to read scrolls when taking damage.
You cannot be stealthy.
You cannot study or cast Earth magic.
You cannot study or cast Hexes magic.
You cannot study or cast Necromancy magic.
((You are camouflaged when in or above water. (Stealth+)))
You have tentacles for arms and can constrict up to eight enemies at once.
You are somewhat resistant to further mutation.


Message History

You climb upwards.
There is a stone staircase leading down here.
There is a stone staircase leading up here.
You climb upwards.
There is a stone staircase leading down here.
There is a stone staircase leading up here.
You climb upwards.
There is a stone staircase leading down here.
A Ditaihix and an ufetubus come into view.
Ditaihix says, "Thy viscera shall be my luncheon!"
The ufetubus shouts!
Press: ? - help, v - describe, . - travel
Here: Ditaihix (surrounded by flames)
The floor.
Unknown command.
Blink to where?
Press: ? - help, Dir - move target
As you read the scroll of blinking, it crumbles to dust.
You redirect Ditaihix's attack!
Aiming: Dig
Press: ? - help, Shift-Dir - straight line A rock wall.
This square is covered in magical glow.
The rock shatters into small pieces.
Ditaihix bursts into living lightning!
The living lightning misses you.
Ditaihix blinks!
Blink to where?
Press: ? - help, Dir - move target
As you read the scroll of blinking, it crumbles to dust.
Ditaihix bursts into living lightning!
The living lightning hits the ufetubus!!
The ufetubus dies!
The living lightning misses you.
Ditaihix blinks! x2; Ditaihix engulfs you!!
Blink to where?
Press: ? - help, Dir - move target
As you read the scroll of blinking, it crumbles to dust.
Blink to where?
Press: ? - help, Dir - move target
As you read the scroll of blinking, it crumbles to dust.
Casting: Plasma Beam (safe; 1% risk of failure)
Press: ? - help, Q - select action, (/) - cycle Dir - look around, f - activate
Okay, then.
Casting: Plasma Beam (safe; 1% risk of failure)
Press: ? - help, Q - select action, (/) - cycle Dir - look around, f - activate
Okay, then.
Press: ? - help, v - describe, . - travel
Here: Ditaihix (lava, surrounded by flames) Some lava.
Unknown command.
You have escaped!

#.##☼○○...°○#≈§≈#........##.##.
#.###§☼#.#####°#######.........
#.# #°☼####..☼☼☼..## #..#.#####
##.###..###...○&○...###...##
#.......##....○°○....##..##
#..#.#..#.............#..##
#).#...##........§....##..##
##..#..#.#.............#.#..##
#.....#.........@......^..#..#
#..)#..#.#.............#.#..##
#...##..##.............##..##
#....#...#.............#..##
...#.....##...).......##..#
#....##..###.........###..#
#.#####..# ##.......## #..# #.#
#..#######≈#######..# #.#
#.......#≈§§#.......#


You could see Ditaihix (clouds).

Vanquished Creatures
  the Royal Jelly (Slime:5)
  7 ancient liches
  7 orbs of fire (Zot:5)
  Mara (Spider:3)
  2 juggernauts (Depths:3)
  3 Killer Klowns
  Vv (Crypt:2)
  Frederick (Depths:4)
  2 curse toes
  Saint Roka (Orc:2)
  Geryon (Hell)
  5 caustic shrikes
  A pandemonium lord (D:9)
  12 golden dragons
  The ghost of Rioliury the Tortoise, an adept AtFi of Ru (Depths:2)
  Nikola (Spider:2)
  the Enchantress (Depths:2)
  5 doom hounds (Hell)
  A Tzitzimitl (Hell)
  4 electric golems
  A bone dragon (Abyss:2)
  16 tentacled monstrosities
  The ghost of KimchiStew the Imperceptible, a veteran SpEn of Dithmenos (Zot:2)
  Zenata (Elf:3)
  25 Orb Guardians (Zot:5)
  A walking frostbound tome (Depths:3)
  8 quicksilver dragons
  7 liches
  Asterion (Elf:3)
  2 deep elf blademasters (Elf:3)
  2 deep elf master archers (Elf:3)
  6 searing wretches (Hell)
  4 tentacled starspawn
  The ghost of Xarreyl the Stormcaller, an adept TeCA of Ignis (Elf:1)
  24 acid blobs
  An acid blob (shapeshifter) (Vaults:5)
  An Executioner (D:10)
  11 sphinxes
  5 ancient champions
  13 death cobs
  Kirke (D:15)
  2 thorn hunters
  11 shadow dragons
  3 tengu reavers (Vaults:5)
  18 storm dragons
  7 draconian monks
  A fenstrider witch (Swamp:3)
  Donald (Vaults:1)
  6 revenants
  6 rockslimes
  2 narguns (Coc:1)
  13 frost giants
  12 azure jellies
  4 draconian knights
  9 fire giants
  6 deep elf sorcerers
  11 ghost moths
  A balrug (Hell)
  17 vault wardens
  6 draconian scorchers
  Louise (Depths:3)
  3 imperial myrmidons (Desolation)
  4 iron dragons
  2 orc warlords
  6 ghouls
  An angel (Depths:3)
  A caustic shrike zombie (WizLab)
  7 deep elf elementalists (Elf:3)
  6 emperor scorpions
  3 formless jellyfish
  11 quicksilver oozes
  11 stone giants
  4 draconian shifters
  17 ironbound preservers
  2 curse skulls
  7 reapers
  3 spectral caustic shrikes
  A draconian stormcaller (Zot:1)
  2 cacodemons
  5 broodmothers
  3 spriggan defenders (Depths:2)
  8 vampire knights
  7 draconian annihilators
  5 war gargoyles
  16 green draconians
  4 ironbound thunderhulks
  10 eleionomae
  27 very ugly things
  A wendigo (Hell)
  15 dire elephants
  6 deep elf demonologists
  An elemental wellspring (Coc:1)
  13 deep elf annihilators
  15 purple draconians
  12 black draconians
  2 putrid mouths (Hell)
  4 starcursed masses
  9 spark wasps
  12 red draconians
  6 halazid warlocks
  12 yellow draconians
  5 bunyips
  A minotaur (shapeshifter) (Depths:3)
  A spectral titan (Crypt:3)
  2 blizzard demons
  Snorg (Orc:1)
  5 white draconians
  3 iron golems (Hell)
  5 eidola
  A green death (D:9)
  11 deep elf death magi
  A jiangshi (Crypt:2)
  3 crystal guardians
  8 fire dragons
  2 spectral quicksilver dragons (WizLab)
  3 shambling mangroves
  19 yaktaur captains
  7 entropy weavers
  16 ettins
  A quicksilver dragon zombie (Vaults:5)
  8 peacekeepers
  10 deep elf high priests
  A hell beast (Depths:4)
  4 rakshasas
  3 caustic shrike simulacra
  13 great orbs of eyes
  16 hydras
  2 salamander tyrants (Geh:1)
  35 vault guards
  A spectral golden dragon (Crypt:3)
  12 ice dragons
  3 radroaches
  10 ragged hierophants (Desolation)
  8 boulder beetles
  6 servants of whispers (Desolation)
  2 ghost crabs (Swamp:3)
  A stoker (Hell)
  17 centaur warriors
  5 ironbound frosthearts
  Erica (Lair:1)
  A juggernaut simulacrum (Crypt:2)
  7 two-headed ogres
  3 death knights
  2 jorogumos (Spider:1)
  10 alligators
  2 spriggan air magi
  5 ogre magi
  16 deep troll earth magi
  A death yak (shapeshifter) (Vaults:5)
  A spectral dire elephant (Lair:5)
  10 hell hogs
  3 death yaks
  39 dancing weapons
  10 deep troll shamans
  2 tengu warriors
  7 demonic crawlers
  4 orc high priests
  9 vampire magi
  4 spriggan berserkers
  19 deep elf knights
  17 hell knights
  12 soul eaters
  Amaemon (D:9)
  Nergalle (Orc:1)
  2 titan skeletons
  4 wretched stars
  2 crystal echidnas (Hell)
  A spectral spark wasp (WizLab)
  5 pharaoh ants
  16 shadow wraiths
  4 skysharks
  A bunyip zombie (Crypt:3)
  10 sun demons
  9 iron trolls
  A sixfirhy (Abyss:2)
  2 quicksilver dragon simulacra
  5 flayed ghosts
  2 spark wasp zombies (WizLab)
  3 goliath frogs
  9 skeletal warriors
  2 spectral anacondas
  13 orb spiders
  5 spriggan druids
  20 deep elf archers
  2 glowing orange brains
  An iron giant zombie (Crypt:2)
  Pikel (D:8)
  An iron giant skeleton (Crypt:3)
  12 swamp dragons
  17 ironbound convokers
  2 obsidian statues
  75 deep trolls
  6 bog bodies
  2 steelbarb worms (Spider:3)
  26 phantasmal warriors
  15 lindwurms
  2 orange crystal statues (Hell)
  A tengu zombie (Vaults:5)
  A fenstrider witch simulacrum (Crypt:2)
  18 wizards
  35 deep elf zephyrmancers
  13 necromancers
  6 orc knights
  A spectral deep troll (Depths:1)
  An anaconda skeleton (Crypt:1)
  A harpy (Vaults:1)
  4 orc sorcerers
  8 shining eyes
  29 deep elf pyromancers
  28 wolf spiders
  A spectral wolf spider (WizLab)
  4 manticores
  A fire giant zombie (Vaults:5)
  A frost giant zombie (Crypt:1)
  An oklob plant (Lair:4)
  A manticore (shapeshifter) (Elf:3)
  A sphinx skeleton (Crypt:2)
  62 ugly things
  4 cyclopes
  A stone giant zombie (Vaults:4)
  A shining eye (shapeshifter) (Vaults:5)
  8 elephants (Lair:5)
  3 will-o-the-wisps
  A spectral alligator snapping turtle (Crypt:3)
  33 moths of wrath
  A rust devil (Depths:1)
  A goliath frog skeleton (Crypt:2)
  3 human skeletons
  19 vault sentinels
  A torpor snail (shapeshifter) (Elf:2)
  A guardian serpent (Desolation)
  3 ice statues
  5 black mambas
  A molten gargoyle (Desolation)
  6 smoke demons
  A gargoyle (D:13)
  A titan simulacrum (Crypt:2)
  5 orange demons
  18 cane toads
  An alligator snapping turtle zombie (Crypt:3)
  8 torpor snails
  4 eyes of devastation
  Maggie (D:6)
  2 dire elephant skeletons (Lair:5)
  A hellion (Abyss:2)
  3 rime drakes
  A redback zombie (Crypt:2)
  2 unseen horrors (D:13)
  34 yaktaurs
  12 komodo dragons
  26 freezing wraiths
  14 ice devils
  6 tengu conjurers
  2 spectral harpies (WizLab)
  A bunyip simulacrum (Coc:2)
  3 tormentors
  4 ancient zymes (Abyss:2)
  2 anaconda simulacra
  4 guardian mummies (Crypt:3)
  An iron giant simulacrum (Crypt:2)
  6 bloated husks
  A harpy zombie (WizLab)
  7 trolls
  6 meliai
  5 polar bears
  2 hellwings
  A mana viper skeleton (Crypt:3)
  40 tarantellas
  10 tyrant leeches
  Grinder (D:5)
  17 hornets
  A meliai zombie (Crypt:1)
  A yaktaur skeleton (Vaults:4)
  A jumping spider zombie (Crypt:3)
  An ettin zombie (Crypt:2)
  48 saltlings (Desolation)
  A stone giant simulacrum (Hell)
  134 slime creatures
  A spectral elephant (Lair:5)
  15 blink frogs
  24 culicivoras
  2 dream sheep (D:13)
  A spriggan zombie (WizLab)
  23 jumping spiders
  2 centaur simulacra (Crypt:2)
  12 wraiths
  3 air elementals
  24 flying skulls
  7 spriggans
  12 shadows
  4 naga simulacra
  3 ynoxinuls (Abyss:2)
  6 dire elephant simulacra
  An ice dragon skeleton (Crypt:2)
  52 yaks
  5 fire elementals
  7 wyverns
  An elf simulacrum (Vaults:4)
  2 hogs (D:15)
  4 water elementals
  A fire dragon skeleton (Crypt:2)
  A human (D:14)
  Grum (D:8)
  75 redbacks
  6 basilisks
  6 golden eyes
  2 steam dragons
  28 vampire mosquitoes
  2 death yak simulacra
  9 large abominations
  An alligator snapping turtle simulacrum (Crypt:3)
  A glowing shapeshifter zombie (Vaults:5)
  2 neqoxecs
  A spectral cane toad (Lair:5)
  6 chaos spawn
  12 harpy simulacra
  12 swamp worms
  3 wargs
  A warg (shapeshifter) (Vaults:5)
  10 small abominations
  2 hydra simulacra (IceCv)
  5 acid dragons
  3 hell hounds (Hell)
  5 floating eyes
  12 water moccasins
  37 orc warriors
  3 swamp drakes
  12 black bears
  3 elephant zombies
  2 ettin simulacra
  2 ice beasts
  A sky beast (D:8)
  20 wolves
  3 centaurs
  5 boggarts (D:14)
  11 ogres
  4 kobold brigands
  14 bullfrogs
  A necrophage (Swamp:4)
  An earth elemental (Elf:1)
  4 scorpions
  A draconian skeleton (Crypt:1)
  4 cane toad simulacra
  A wyvern zombie (Crypt:1)
  A gnoll sergeant (D:5)
  A shapeshifter zombie (Crypt:2)
  5 killer bees
  A swamp dragon simulacrum (Crypt:2)
  An elephant simulacrum (Lair:5)
  14 electric eels
  2 howler monkeys (D:9)
  A yak skeleton (Crypt:3)
  A spriggan skeleton (Crypt:3)
  2 jellies
  3 lava snakes (Lair:5)
  A black bear zombie (Crypt:2)
  An iron imp (Abyss:1)
  26 orc priests
  8 hounds
  A gnoll bouda (D:7)
  2 sleepcaps
  Terence (D:3)
  A black bear skeleton (Crypt:1)
  25 orc wizards
  6 hell rats (Lair:1)
  5 iguanas
  5 spriggan simulacra
  A wolf simulacrum (IceCv)
  A hound skeleton (Crypt:1)
  12 gnolls
  9 adders
  A steam dragon zombie (Crypt:1)
  A shadow imp (D:7)
  A white imp (Abyss:2)
  10 ufetubi
  A jelly zombie (Crypt:2)
  2 worms
  7 dart slugs
  107 orcs
  7 bats
  7 endoplasms
  2 giant cockroaches
  3 hobgoblins
  7 jackals (D:1)
  32 kobolds
  4 quokkas
  9 ball pythons
  4 frilled lizards
  A gnoll zombie (Crypt:1)
  5 goblins
  A jackal zombie (Crypt:2)
  4 rats
  A rat skeleton (Crypt:3)
  A creeping inferno (Hell)
  4 fire vortices (Hell)
  4 starspawn tentacles (Abyss:2)
2988 creatures vanquished.

Vanquished Creatures (others)
  A wolf spider (Spider:2)
  A deep elf zephyrmancer (Elf:2)
  A tengu conjurer (D:15)
  2 humans (D:15)
  A quasit (Abyss:2)
  3 ufetubi
  6 foxfires
  A lurking horror (Abyss:2)
  2 starspawn tentacles (Abyss:2)
18 creatures vanquished.

Grand Total: 3006 creatures vanquished

Notes
Turn   | Place    | Note
-------+----------+-------------------------------------------
     0 | D:1      | Ge0ff the Octopode Reaver began the quest for the Orb.
     0 | D:1      | Reached XP level 1. HP: 14/14 MP: 3/3
   177 | D:1      | Reached XP level 2. HP: 19/19 MP: 5/5
   179 | D:1      | Learned a level 1 spell: Shock
   182 | D:1      | Learned a level 2 spell: Momentum Strike
   652 | D:1      | Reached XP level 3. HP: 22/24 MP: 0/6
   765 | D:1      | Reached skill level 1 in Air Magic
  1493 | D:2      | Reached XP level 4. HP: 29/29 MP: 4/7
  1722 | D:2      | Identified the +5 long sword "Seywkeur" {flame, Int+3}
  2412 | D:3      | Reached XP level 5. HP: 34/34 MP: 8/8
  2539 | D:3      | Noticed Terence
  2564 | D:3      | Killed Terence
  2734 | D:3      | Reached skill level 5 in Short Blades
  2812 | D:3      | Reached XP level 6. HP: 39/39 MP: 5/9
  3636 | D:4      | Noticed a black bear
  3661 | D:4      | Killed a black bear
  3817 | D:4      | You fall into a shaft and drop 3 floors!
  3842 | D:7      | Found Risai's Jewellery Boutique.
  4015 | D:7      | Reached skill level 5 in Conjurations
  4015 | D:7      | Reached XP level 7. HP: 36/45 MP: 4/10
  4320 | D:7      | Reached skill level 5 in Air Magic
  4416 | D:7      | Learned a level 5 spell: Irradiate
  4514 | D:7      | Reached skill level 1 in Transmutations
  4603 | D:7      | Noticed a steam dragon
  4685 | D:7      | Reached XP level 8. HP: 30/51 MP: 5/12
  5535 | D:5      | Entered Level 5 of the Dungeon
  5539 | D:5      | Found a staircase to the Ecumenical Temple.
  5548 | Temple   | Entered the Ecumenical Temple
  5548 | Temple   | Found a transporter.
  5548 | Temple   | Found a transporter.
  5550 | Temple   | Found a transporter.
  5550 | Temple   | Found a transporter.
  5583 | Temple   | Became a worshipper of Gozag Ym Sagoz the Greedy
  6931 | D:5      | Found an iron altar of Okawaru.
  6957 | D:5      | Reached skill level 5 in Transmutations
  7001 | D:5      | Reached XP level 9. HP: 56/56 MP: 11/15
  7535 | D:6      | Noticed Maggie
  7542 | D:6      | Killed Maggie
  7839 | D:6      | Noticed Grinder
  7843 | D:6      | Paralysed by Grinder for 4 turns
  7851 | D:5      | Killed Grinder
  7943 | D:6      | Reached skill level 5 in Spellcasting
  8596 | D:6      | Found a broken altar of Ashenzari.
  9225 | D:6      | Found a broken altar of Ashenzari.
  9571 | D:7      | Bought a ring of wizardry for 420 gold pieces
  9613 | D:8      | Noticed a cyclops
  9735 | D:8      | Killed a cyclops
  9736 | D:8      | Reached skill level 1 in Throwing
  9736 | D:8      | Reached skill level 1 in Stealth
  9736 | D:8      | Reached XP level 10. HP: 63/63 MP: 7/17
 10043 | D:8      | Noticed Grum
 10050 | D:8      | Killed Grum
 10190 | D:8      | Learned a level 4 spell: Airstrike
 10436 | D:8      | Found a staircase to the Lair.
 10658 | D:8      | Noticed Pikel
 10669 | D:8      | Killed Pikel
 10890 | D:8      | Identified the +0 ring mail of the First Snow {Regen+ Str-5
                  | Int+2}
 11075 | D:9      | Noticed a two-headed ogre
 11084 | D:9      | Killed a two-headed ogre
 11087 | D:9      | Reached XP level 11. HP: 60/70 MP: 7/20
 11129 | D:9      | Noticed a two-headed ogre
 11140 | D:9      | Killed a two-headed ogre
 11141 | D:9      | Reached skill level 5 in Fighting
 11403 | D:9      | Noticed Amaemon
 12068 | D:9      | Reached skill level 5 in Dodging
 12263 | D:9      | Killed Amaemon
 12401 | D:10     | Entered Level 10 of the Dungeon
 12401 | D:10     | Noticed an eight-headed hydra
 12918 | D:10     | Found a sacrificial altar of Ru.
 12930 | D:10     | Learned a level 3 spell: Mephitic Cloud
 12957 | D:10     | Noticed a two-headed ogre
 12964 | D:10     | Killed a two-headed ogre
 12965 | D:10     | Reached skill level 1 in Poison Magic
 13396 | D:10     | Killed an eight-headed hydra
 13897 | D:10     | Reached skill level 10 in Transmutations
 14218 | D:10     | Learned a level 2 spell: Passwall
 14282 | D:11     | Reached XP level 12. HP: 71/80 MP: 17/22
 14289 | D:11     | Found a frozen archway.
 14396 | IceCv    | Entered an ice cave
 14535 | IceCv    | Reached skill level 1 in Earth Magic
 14535 | IceCv    | Reached skill level 1 in Evocations
 14783 | IceCv    | Reached skill level 10 in Conjurations
 15204 | IceCv    | Identified a scroll of acquirement
 15204 | IceCv    | Acquired the Quarto of the Discharge
 15210 | IceCv    | Learned a level 3 spell: Stone Arrow
 15217 | IceCv    | Learned a level 6 spell: Starburst
 15222 | IceCv    | Noticed a reaper
 15228 | IceCv    | Killed a reaper
 15229 | IceCv    | Reached skill level 1 in Fire Magic
 16093 | D:11     | Noticed a two-headed ogre
 16098 | D:11     | Killed a two-headed ogre
 16103 | D:11     | Found a staircase to the Orcish Mines.
 16110 | D:11     | Noticed a boulder beetle
 16113 | D:11     | Killed a boulder beetle
 16960 | Lair:1   | Entered Level 1 of the Lair of Beasts
 17200 | Lair:1   | Found a burning altar of Makhleb.
 17442 | Lair:1   | Noticed a boulder beetle
 17453 | Lair:1   | Killed a boulder beetle
 17454 | Lair:1   | Reached skill level 5 in Fire Magic
 17635 | Lair:1   | Noticed Erica
 17641 | Lair:1   | Killed Erica
 17759 | Lair:1   | Reached XP level 13. HP: 82/89 MP: 14/23
 17874 | Lair:1   | Reached skill level 5 in Evocations
 18763 | Lair:2   | Reached skill level 1 in Shields
 18907 | Lair:2   | Learned a level 1 spell: Apportation
 19056 | Lair:2   | Reached skill level 5 in Earth Magic
 19436 | Lair:2   | Identified the +0 plate armour "Lead" {+Blink Slay-3 SInv}
 19557 | Lair:2   | Found a hole to the Spider Nest.
 20389 | Lair:3   | Found a staircase to the Swamp.
 21427 | Lair:3   | Reached skill level 10 in Fighting
 21427 | Lair:3   | Reached XP level 14. HP: 99/99 MP: 12/26
 22014 | Lair:4   | Reached skill level 5 in Shields
 22769 | Lair:4   | Learned a level 4 spell: Iskenderun's Mystic Blast
 23030 | Lair:5   | Entered Level 5 of the Lair of Beasts
 23101 | Lair:5   | Found a staircase to the Slime Pits.
 23312 | Lair:5   | Reached skill level 1 in Translocations
 23354 | Lair:5   | Reached skill level 10 in Fire Magic
 23583 | Lair:5   | Noticed a dire elephant
 23583 | Lair:5   | Noticed a dire elephant
 23585 | Lair:5   | Noticed a dire elephant
 23587 | Lair:5   | Noticed a dire elephant
 23680 | Lair:5   | Found a viscous altar of Jiyva.
 25047 | Lair:5   | Noticed a dire elephant
 25064 | Lair:5   | Killed a dire elephant
 25303 | Lair:5   | Reached skill level 10 in Spellcasting
 25303 | Lair:5   | Reached skill level 5 in Translocations
 25667 | Lair:5   | Killed a dire elephant
 25668 | Lair:5   | Reached XP level 15. HP: 103/103 MP: 2/29
 26189 | D:7      | Bought a ring of see invisible for 210 gold pieces
 26329 | Orc:1    | Entered Level 1 of the Orcish Mines
 26329 | Orc:1    | Noticed Nergalle
 26333 | Orc:1    | Killed Nergalle
 26393 | Orc:1    | Noticed Snorg
 26398 | Orc:1    | Killed Snorg
 26875 | Orc:1    | Found a burning altar of Makhleb.
 27124 | Orc:2    | Entered Level 2 of the Orcish Mines
 27181 | Orc:2    | Found Tuc Nijuu's General Store.
 27190 | Orc:2    | Bought a potion of haste for 150 gold pieces
 27190 | Orc:2    | Bought a +6 ring of intelligence for 540 gold pieces
 27190 | Orc:2    | Bought a scroll of identify for 30 gold pieces
 27571 | Orc:2    | Found a staircase to the Elven Halls.
 27801 | Orc:2    | Found Feetaush's Book Emporium.
 28355 | Orc:2    | Found Jour Qargh's Magic Scroll Shop.
 28408 | Orc:2    | Bought a scroll of blinking for 90 gold pieces
 28408 | Orc:2    | Bought a scroll of butterflies for 48 gold pieces
 28408 | Orc:2    | Bought a scroll of immolation for 48 gold pieces
 28408 | Orc:2    | Bought a scroll of magic mapping for 90 gold pieces
 28408 | Orc:2    | Bought a scroll of teleportation for 36 gold pieces
 28408 | Orc:2    | Bought a scroll of teleportation for 36 gold pieces
 28408 | Orc:2    | Bought a scroll of teleportation for 36 gold pieces
 28408 | Orc:2    | Bought a scroll of vulnerability for 48 gold pieces
 28442 | Orc:2    | Noticed Saint Roka
 28465 | Orc:2    | Killed Saint Roka
 28788 | Orc:2    | Found Kimawof's Antique Weapon Shop.
 28793 | Orc:2    | Found Kotirr's Antique Armour Boutique.
 28935 | Orc:2    | Learned a level 5 spell: Lee's Rapid Deconstruction
 29020 | D:12     | Reached skill level 5 in Throwing
 30201 | D:13     | Found a huge runed translucent gate.
 30202 | D:13     | Found a huge runed translucent gate.
 30203 | D:13     | Found a huge runed translucent gate.
 30204 | D:13     | Found a huge runed translucent gate.
 31952 | D:14     | Reached XP level 16. HP: 109/109 MP: 22/30
 32320 | D:14     | Found an ornate altar of the Wu Jian Council.
 32684 | D:14     | Found a gate to the Vaults.
 32830 | D:14     | Found the +18 shield of the Gong {Loud rN+ Will+ rCorr
                  | EV-5}
 33083 | D:14     | Found Uckagi Vafu's Jewellery Boutique.
 33151 | D:14     | Bought the ring of Soiss {Ice rN+ Str+4 Int+2} for 683 gold
                  | pieces
 33176 | D:15     | Entered Level 15 of the Dungeon
 33514 | D:15     | Noticed Kirke
 33520 | D:15     | Noticed a sphinx
 33562 | D:15     | Paralysed by a sphinx for 3 turns
 33727 | D:15     | Killed Kirke
 33883 | D:15     | Found a radiant altar of Vehumet.
 33964 | D:15     | Found a staircase to the Depths.
 33973 | D:15     | Found a portal to a secret trove of treasure.
 33993 | D:15     | Found a huge runed gate.
 33993 | D:15     | Found a huge runed gate.
 33993 | D:15     | Found a huge runed gate.
 33993 | D:15     | Found a huge runed gate.
 33995 | D:15     | Found a huge runed gate.
 33995 | D:15     | Found a huge runed gate.
 33996 | D:15     | Found a huge runed gate.
 33997 | D:15     | Found a huge runed gate.
 34003 | D:15     | Found a huge runed gate.
 34003 | D:15     | Found a huge runed gate.
 34003 | D:15     | Found a huge runed gate.
 34004 | D:15     | Found a huge runed gate.
 34005 | D:15     | Found a huge runed gate.
 34006 | D:15     | Found a huge runed gate.
 34007 | D:15     | Found a huge runed gate.
 34017 | D:15     | Found a huge runed gate.
 34017 | D:15     | Found a huge runed gate.
 34017 | D:15     | Found a huge runed gate.
 34017 | D:15     | Found a huge runed gate.
 34017 | D:15     | Found a huge runed gate.
 34017 | D:15     | Found a huge runed gate.
 34018 | D:15     | Found a huge runed gate.
 34019 | D:15     | Found a huge runed gate.
 34020 | D:15     | Found a huge runed gate.
 34034 | D:15     | Found a huge runed gate.
 34034 | D:15     | Found a huge runed gate.
 34034 | D:15     | Found a huge runed gate.
 34034 | D:15     | Found a huge runed gate.
 34034 | D:15     | Found a huge runed gate.
 34035 | D:15     | Found a huge runed gate.
 34036 | D:15     | Found a huge runed gate.
 34037 | D:15     | Found a huge runed gate.
 34038 | D:15     | Found a huge runed gate.
 34048 | D:15     | Found a huge runed gate.
 34048 | D:15     | Found a huge runed gate.
 34048 | D:15     | Found a huge runed gate.
 34487 | D:15     | Noticed a sphinx
 35144 | D:15     | Killed a sphinx
 35712 | D:15     | Found a staircase to the Depths.
 35761 | D:15     | Found a radiant altar of Vehumet.
 35829 | D:15     | Found a portal to a secret trove of treasure.
 36194 | D:15     | Bought Oxkuaps's Spellbook of Movement for 252 gold pieces
 36197 | D:15     | Learned a level 2 spell: Blink
 36202 | D:15     | Bought a scroll of teleportation for 54 gold pieces
 36202 | D:15     | Bought a scroll of magic mapping for 135 gold pieces
 36202 | D:15     | Bought a scroll of poison for 72 gold pieces
 36205 | D:15     | Bought a scroll of magic mapping for 127 gold pieces
 36205 | D:15     | Bought a scroll of teleportation for 51 gold pieces
 36205 | D:15     | Bought a scroll of butterflies for 68 gold pieces
 36205 | D:15     | Bought a scroll of immolation for 68 gold pieces
 36205 | D:15     | Bought a scroll of fear for 68 gold pieces
 36205 | D:15     | Bought a scroll of magic mapping for 127 gold pieces
 36205 | D:15     | Bought a scroll of teleportation for 51 gold pieces
 36205 | D:15     | Bought a scroll of vulnerability for 68 gold pieces
 36467 | Swamp:1  | Entered Level 1 of the Swamp
 36799 | Swamp:1  | Reached XP level 17. HP: 115/119 MP: 17/32
 37266 | Swamp:1  | Gained mutation: You occasionally lose the ability to read
                  | scrolls when taking damage. [mutagenic glow]
 38815 | Swamp:2  | Identified the +4 shortbow of Death {flame, Str+3 Dex+4}
 41754 | Swamp:4  | Entered Level 4 of the Swamp
 42809 | Swamp:4  | Reached XP level 18. HP: 126/126 MP: 23/34
 43064 | Swamp:4  | Got a decaying rune of Zot
 43741 | Spider:1 | Entered Level 1 of the Spider Nest
 44452 | Spider:1 | Acquired 710 gold pieces
 45746 | Spider:2 | Noticed Nikola
 45753 | Spider:2 | Killed Nikola
 48222 | Spider:2 | Identified the +2 ring mail of the Mackerel {Int+2}
 49249 | Spider:3 | Reached skill level 10 in Evocations
 49984 | Spider:3 | Reached XP level 19. HP: 134/134 MP: 29/36
 50610 | Spider:4 | Entered Level 4 of the Spider Nest
 51275 | Spider:4 | Noticed Mara
 51277 | Spider:4 | Noticed Ge0ff's illusion
 51613 | Spider:3 | Noticed Ge0ff's illusion
 51620 | Spider:3 | Killed Mara
 51629 | Spider:3 | Gained mutation: You do not regenerate when monsters are
                  | visible. [mutagenic glow]
 51755 | Spider:3 | Lost mutation: You occasionally lose the ability to read
                  | scrolls when taking damage. [potion of mutation]
 51755 | Spider:3 | Lost mutation: You do not regenerate when monsters are
                  | visible. [potion of mutation]
 51755 | Spider:3 | Gained mutation: You are somewhat resistant to further
                  | mutation. [potion of mutation]
 52662 | D:15     | Bought a Young Poisoner's Handbook for 280 gold pieces
 52665 | D:15     | Learned a level 2 spell: Poisonous Vapours
 52669 | D:15     | Learned a level 3 spell: Ignite Poison
 53769 | Spider:4 | Upgraded the game from 0.31-a0-145-g046c7d2549 to
                  | 0.31-a0-149-g3fdcc5976a
 54372 | Spider:4 | Learned a level 6 spell: Statue Form
 54490 | Spider:4 | Identified the orb of the Lion {*Rage, rF+}
 54505 | Spider:4 | Got a gossamer rune of Zot
 54902 | Elf:1    | Entered Level 1 of the Elven Halls
 55142 | Elf:1    | Found the ring of the Mage {Wiz Archmagi}
 55243 | Elf:1    | Paralysed by an air elemental for 1 turns
 55558 | Elf:1    | Found a runed translucent door.
 55558 | Elf:1    | Noticed Xarreyl's ghost (adept TeCA)
 56374 | Elf:1    | Killed Xarreyl's ghost
 56377 | Elf:1    | Identified the +7 battleaxe of Bovywk {chaos, +Blink rF+
                  | rN+ SInv}
 56730 | Elf:2    | Reached XP level 20. HP: 143/143 MP: 35/38
 56949 | Elf:2    | Found Xeryupt's Weapon Shop.
 57349 | Elf:2    | Found a runed translucent gate.
 57349 | Elf:2    | Found a runed translucent gate.
 57349 | Elf:2    | Found a runed translucent gate.
 59383 | Elf:2    | Reached skill level 15 in Conjurations
 59451 | Elf:2    | Reached skill level 15 in Fire Magic
 59831 | Elf:3    | Entered Level 3 of the Elven Halls
 59894 | Elf:3    | Noticed Zenata
 61086 | Elf:3    | Noticed Asterion
 61094 | Elf:3    | Killed Asterion
 61272 | Elf:3    | Identified the +1 demon blade "Reig" {pain, rElec Str+4}
 61272 | Elf:3    | Identified the ring "Suipid" {rC+ Str+6}
 61276 | Elf:3    | Reached skill level 15 in Spellcasting
 61282 | Elf:3    | Reached skill level 15 in Fighting
 61700 | Elf:3    | Reached XP level 21. HP: 151/151 MP: 16/40
 61825 | Elf:3    | Identified the ring "Heysh" {EV+5 Int+4}
 61830 | Elf:3    | Reached skill level 10 in Dodging
 61842 | Elf:3    | Identified the ring "Enluud" {Int+3 Slay+2 SInv}
 62451 | Elf:3    | Identified the staff of cold "Zaowooh" {rF+ rC+ Will+
                  | rCorr}
 62456 | Elf:3    | Got the Papyrus of Enchantment and the Boulder
 62463 | Elf:3    | Got the Omnibus of Meteoric Arson
 62481 | Elf:3    | Identified the +3 battleaxe of the Holding Gods {antimagic,
                  | *Rage rN+ Int+3}
 62504 | Elf:3    | Identified the ring of Temptation {Fire Int+2}
 62732 | Elf:3    | Killed Zenata
 63101 | Lair:3   | Learned a level 6 spell: Plasma Beam
 63107 | Lair:3   | Learned a level 5 spell: Yara's Violent Unravelling
 63334 | Vaults:1 | Entered Level 1 of the Vaults
 63358 | Vaults:1 | Reached skill level 1 in Hexes
 63498 | Vaults:1 | Found a crumbling gateway.
 63532 | Desolati | Entered the Desolation of Salt
 64070 | Desolati | Identified the ring "Qikhas" {rF+ Int+4}
 64123 | Desolati | Identified the +8 morningstar of Poverty {elec, Contam rC+
                  | rCorr Int+4}
 64293 | Desolati | Identified the amulet "Uciddy" {Faith rElec rC- Int+3
                  | Stlth+}
 64852 | Desolati | Got the Commentary on Evil
 64856 | Desolati | Identified the staff of poison "Veast" {rPois rF+ rC-
                  | Str+2}
 65108 | Desolati | Got Osemmuquu's Codex of the Glacier and the Fairies
 65175 | Desolati | Got Qintefic's Treatise on the Unstable Tektite
 65460 | Vaults:1 | Reached XP level 22. HP: 126/160 MP: 24/41
 65867 | Vaults:1 | Noticed Donald
 65868 | Vaults:1 | Killed Donald
 66940 | Vaults:2 | Identified the +0 pair of boots of the Maze {rPois}
 66974 | Vaults:2 | Reached skill level 10 in Air Magic
 67202 | Vaults:2 | Found a staircase to the Crypt.
 67253 | Vaults:2 | Found Gemilog's Armour Shoppe.
 67261 | Vaults:2 | Bought a +0 hat of willpower for 231 gold pieces
 67316 | Vaults:2 | Reached skill level 5 in Hexes
 68674 | Vaults:2 | Identified the +4 quarterstaff of the Flying Gods {venom,
                  | rF++ Will+ Str-3 Int+3}
 69691 | Vaults:3 | Reached XP level 23. HP: 149/166 MP: 33/43
 70502 | Vaults:4 | Found a magical portal.
 70508 | WizLab   | Entered Borgnjor's Mausoleum
 71364 | WizLab   | Reached skill level 15 in Air Magic
 71806 | WizLab   | Reached skill level 10 in Earth Magic
 71990 | WizLab   | Identified the staff of death "Yhipuirph" {rN+ rCorr Str+3}
 73152 | Vaults:4 | Found Ukkiusah's Magic Scroll Shoppe.
 73174 | Vaults:4 | Bought a scroll of fog for 72 gold pieces
 73174 | Vaults:4 | Bought a scroll of blinking for 135 gold pieces
 73174 | Vaults:4 | Bought a scroll of blinking for 135 gold pieces
 73174 | Vaults:4 | Bought a scroll of magic mapping for 135 gold pieces
 73174 | Vaults:4 | Bought a scroll of vulnerability for 72 gold pieces
 73915 | Spider:3 | Learned a level 7 spell: Orb of Destruction
 74286 | Crypt:1  | Entered Level 1 of the Crypt
 75157 | Crypt:2  | Reached skill level 1 in Invocations
 75793 | Crypt:2  | Noticed Vv
 75807 | Crypt:2  | Killed Vv
 76033 | Crypt:2  | Reached skill level 2 in Invocations
 76536 | Crypt:2  | Identified the +6 quarterstaff "Taunuoxt" {speed, Contam
                  | Str+3 Dex+2 SInv}
 76912 | Crypt:2  | Reached XP level 24. HP: 175/175 MP: 33/44
 77100 | Crypt:3  | Entered Level 3 of the Crypt
 77346 | Crypt:3  | Reached skill level 3 in Invocations
 79280 | Crypt:3  | Found a staircase to the Tomb.
 79584 | Crypt:3  | Found a basalt altar of Yredelemnul.
 79622 | Crypt:3  | Identified the staff of poison "Qilan" {*Corrode rPois
                  | Str+5 Dex+3}
 79636 | Crypt:3  | Identified the staff of air "Wymin" {rElec Str+4}
 79767 | Crypt:3  | Reached skill level 4 in Invocations
 80528 | Depths:1 | Entered Level 1 of the Depths
 81411 | Depths:1 | Found a hazy altar of Hepliaklqana.
 81475 | Depths:1 | Found a gateway to Hell.
 81527 | Depths:1 | Found a one-way gate leading to the halls of Pandemonium.
 81744 | Depths:1 | Noticed an ancient lich
 81962 | Depths:1 | Killed an ancient lich
 81963 | Depths:1 | Reached skill level 5 in Invocations
 82046 | Depths:1 | Paralysed by a floating eye for 3 turns
 82761 | D:15     | You paid a toll of a +6 demon blade to enter a treasure
                  | trove
 82762 | Trove    | Entered a treasure trove
 82767 | Trove    | Found the +10 tower shield of Ignorance {rN+ Int-4}
 82769 | Trove    | Identified the ring of the Duke {rElec rPois rF+ Str+3
                  | SInv}
 82773 | Trove    | Identified the ring of Bekic {Ice rPois rCorr Dex+6 Stlth-}
 82779 | Trove    | Identified the +9 halberd of Pandemonium {antimagic, rPois
                  | Str+3 Dex-2}
 83320 | Depths:2 | Reached XP level 25. HP: 182/182 MP: 30/44
 84111 | Depths:2 | Found a transporter.
 84133 | Depths:2 | Noticed Rioliury's ghost (adept AtFi)
 84142 | Depths:2 | Found a transporter.
 84325 | Depths:2 | Reached skill level 6 in Invocations
 84567 | Depths:2 | Identified the ring "Kerekose" {rCorr Str+6 Int+8 Slay-5
                  | SInv}
 84811 | Depths:2 | Noticed the Enchantress
 84834 | Depths:2 | Killed the Enchantress
 84876 | Depths:2 | Found a radiant altar of Vehumet.
 84891 | Depths:2 | Identified the +6 great mace of Turmoil {vamp, Str+3
                  | Stlth+}
 85372 | Depths:2 | Killed Rioliury's ghost
 85384 | Depths:2 | Identified the ring "Wossia" {Contam rElec rC+ Str+6
                  | Stlth-}
 85428 | Depths:2 | Identified the +1 helmet "Qeg Nocs" {+Blink}
 85485 | Depths:3 | Noticed Louise
 85485 | Depths:3 | Found a one-way gate to the infinite horrors of the Abyss.
 85488 | Depths:3 | Killed Louise
 85797 | Depths:3 | Found a flickering gateway to a bazaar.
 85809 | Bazaar   | Entered a bazaar
 85957 | Bazaar   | Found Emuec's Distillery.
 85961 | Bazaar   | Bought a potion of heal wounds for 45 gold pieces
 85961 | Bazaar   | Bought a potion of curing for 27 gold pieces
 85961 | Bazaar   | Bought a potion of enlightenment for 45 gold pieces
 85961 | Bazaar   | Bought a potion of might for 36 gold pieces
 85961 | Bazaar   | Bought a potion of curing for 27 gold pieces
 85961 | Bazaar   | Bought 2 potions of curing for 54 gold pieces
 85961 | Bazaar   | Bought a potion of brilliance for 36 gold pieces
 85961 | Bazaar   | Bought a potion of haste for 90 gold pieces
 85986 | Bazaar   | Found Xiumesk's Distillery.
 85991 | Bazaar   | Bought a potion of invisibility for 96 gold pieces
 85991 | Bazaar   | Bought a potion of curing for 36 gold pieces
 85991 | Bazaar   | Bought a potion of curing for 36 gold pieces
 85991 | Bazaar   | Bought a potion of might for 48 gold pieces
 85991 | Bazaar   | Bought a potion of heal wounds for 60 gold pieces
 86000 | Bazaar   | Found Bothouse's Magic Scroll Shoppe.
 86008 | Bazaar   | Bought a scroll of teleportation for 48 gold pieces
 86008 | Bazaar   | Bought a scroll of immolation for 64 gold pieces
 86008 | Bazaar   | Bought a scroll of fog for 64 gold pieces
 86008 | Bazaar   | Bought a scroll of immolation for 64 gold pieces
 86008 | Bazaar   | Bought a scroll of butterflies for 64 gold pieces
 86020 | Bazaar   | Found Xoraqodu's Magic Scroll Shoppe.
 86028 | Bazaar   | Bought a scroll of silence for 85 gold pieces
 86261 | Depths:3 | Reached skill level 7 in Invocations
 86306 | Depths:3 | Noticed a juggernaut
 86309 | Depths:3 | Killed a juggernaut
 86321 | Depths:3 | Reached skill level 10 in Shields
 86526 | Depths:3 | Noticed a juggernaut
 86528 | Depths:3 | Killed a juggernaut
 86627 | Depths:3 | Reached XP level 26. HP: 166/189 MP: 9/44
 87109 | Depths:3 | Found a runed translucent door.
 87113 | Depths:3 | Found a runed translucent door.
 87315 | Depths:3 | Found a one-way gateway to a ziggurat.
 87524 | Depths:3 | Identified the +7 demon whip of Fate {elec, SInv}
 87771 | Depths:4 | Entered Level 4 of the Depths
 87785 | Depths:4 | Noticed Frederick
 87795 | Depths:4 | Killed Frederick
 88024 | Depths:4 | Found a gate to the Realm of Zot.
 88034 | Depths:4 | Reached skill level 8 in Invocations
 89648 | Vaults:5 | Entered Level 5 of the Vaults
 89658 | Vaults:5 | Reached skill level 9 in Invocations
 89826 | Vaults:5 | Learned a level 2 spell: Sublimation of Blood
 89853 | Vaults:5 | Reached skill level 1 in Necromancy
 89853 | Vaults:5 | Reached skill level 10 in Invocations
 90690 | Vaults:5 | Identified the staff of earth "Gucov" {Will+}
 90926 | Vaults:5 | Identified the ring of the Transmuting Gods {*Slow +Blink
                  | rC- AC+4 Str+5}
 91225 | Vaults:5 | Noticed an ancient lich
 91238 | Vaults:5 | Killed an ancient lich
 91239 | Vaults:5 | Reached XP level 27. HP: 195/195 MP: 7/44
 92942 | Vaults:5 | Identified the +3 rapier of Charity {heavy, rF+ Str+4}
 93001 | Vaults:5 | Identified the staff of fire "Erel" {Fragile rElec rPois
                  | rF+ Stlth+}
 93001 | Vaults:5 | Identified the +7 short sword "Pepnalon" {holy, Int+3}
 93014 | Vaults:5 | Got a silver rune of Zot
 93068 | Vaults:5 | Found the +3 pair of gauntlets of War {Slay+5}
 93536 | Depths:2 | Learned a level 9 spell: Chain Lightning
 94094 | Slime:1  | Entered Level 1 of the Pits of Slime
 94516 | Slime:2  | Found a viscous altar of Jiyva.
 96559 | Slime:4  | Reached skill level 5 in Necromancy
 97255 | Slime:5  | Entered Level 5 of the Pits of Slime
 97725 | Slime:5  | Noticed the Royal Jelly
 97736 | Slime:5  | Killed the Royal Jelly
 97941 | Slime:5  | Found the +3 greatsling "Punk" {acid, rCorr}
 98052 | Slime:5  | Got the Papyrus of Maleficia and Firn
 98073 | Slime:5  | Identified the ring of Springtime {Ice rPois Will+ Str-2
                  | Dex+8}
 98079 | Slime:5  | Got the Catalogue of Dislocation and Power
 98124 | Slime:5  | Got a slimy rune of Zot
 98675 | Hell     | Entered the Vestibule of Hell
 98676 | Hell     | Noticed Geryon
 98679 | Hell     | Killed Geryon
 99237 | Hell     | Found a gateway to the Iron City of Dis.
 99300 | Hell     | Found a gateway to the freezing wastes of Cocytus.
 99389 | Hell     | Found a gateway to the decaying netherworld of Tartarus.
 99450 | Hell     | Found a gateway to the ashen valley of Gehenna.
 99613 | Hell     | Learned a level 4 spell: Passage of Golubria
 99707 | Zot:1    | Entered Level 1 of the Realm of Zot
100152 | Depths:4 | Learned a level 8 spell: Maxwell's Capacitive Coupling
100926 | Zot:1    | Reached skill level 10 in Necromancy
101046 | Zot:1    | Reached skill level 11 in Invocations
101670 | D:10     | Fell from the grace of Gozag
101670 | D:10     | Became a worshipper of Ru the Awakened
102458 | Zot:2    | Reached skill level 12 in Invocations
102984 | Zot:2    | Reached skill level 13 in Invocations
103541 | Zot:2    | Found a runed translucent gate.
103541 | Zot:2    | Found a runed translucent gate.
103541 | Zot:2    | Found a runed translucent gate.
103543 | Zot:2    | Found an opulent altar of Gozag.
103544 | Zot:2    | Noticed KimchiStew's ghost (veteran SpEn)
103710 | Zot:2    | Killed KimchiStew's ghost
103712 | Zot:2    | Reached skill level 14 in Invocations
104488 | Zot:3    | Reached skill level 15 in Invocations
104800 | Zot:3    | Gained mutation: You occasionally lose the ability to read
                  | scrolls when taking damage. [Ru sacrifice]
104800 | Zot:3    | Gained mutation: You sometimes lose the ability to read
                  | scrolls when taking damage. [Ru sacrifice]
104800 | Zot:3    | Reached * piety under Ru
105523 | Zot:3    | Reached skill level 16 in Invocations
106695 | Zot:4    | Reached skill level 17 in Invocations
107742 | Zot:4    | Reached skill level 18 in Invocations
108839 | Zot:5    | Entered Level 5 of the Realm of Zot
108856 | Zot:5    | Gained mutation: You cannot be stealthy. [Ru sacrifice]
108856 | Zot:5    | Reached ** piety under Ru
109894 | Zot:5    | Reached skill level 19 in Invocations
110277 | Zot:5    | Noticed an ancient lich
110282 | Zot:5    | Killed an ancient lich
110765 | Zot:5    | Noticed an orb of fire
110767 | Zot:5    | Noticed an orb of fire
110770 | Zot:5    | Killed an orb of fire
110774 | Zot:5    | Killed an orb of fire
110780 | Zot:5    | Reached skill level 20 in Invocations
110792 | Zot:5    | Noticed an ancient lich
110796 | Zot:5    | Killed an ancient lich
110992 | Zot:5    | Noticed an ancient lich
110997 | Zot:5    | Killed an ancient lich
111000 | Zot:5    | Noticed an orb of fire
111004 | Zot:5    | Killed an orb of fire
111391 | Zot:5    | Noticed an orb of fire
111395 | Zot:5    | Killed an orb of fire
112011 | Zot:5    | Noticed an orb of fire
112015 | Zot:5    | Killed an orb of fire
112157 | Zot:5    | Noticed an ancient lich
112162 | Zot:5    | Killed an ancient lich
112199 | Zot:5    | Noticed an ancient lich
112203 | Zot:5    | Killed an ancient lich
114034 | Zot:5    | Noticed an orb of fire
114037 | Zot:5    | Killed an orb of fire
114043 | Zot:5    | Noticed an orb of fire
114047 | Zot:5    | Killed an orb of fire
114048 | Zot:5    | Reached skill level 21 in Invocations
114840 | Coc:1    | Entered Level 1 of Cocytus
115555 | Geh:1    | Entered Level 1 of Gehenna
115712 | Depths:3 | Voluntarily entered the Abyss.
115995 | Abyss:1  | Gained mutation: You cannot study or cast Earth magic. [Ru
                  | sacrifice]
115995 | Abyss:1  | Gained mutation: You cannot study or cast Hexes magic. [Ru
                  | sacrifice]
115995 | Abyss:1  | Gained mutation: You cannot study or cast Necromancy magic.
                  | [Ru sacrifice]
115995 | Abyss:1  | Reached *** piety under Ru
116431 | Depths:3 | Escaped the Abyss
116527 | Depths:3 | Voluntarily entered the Abyss.
116584 | Abyss:2  | Was forgiven by Gozag
116879 | Abyss:3  | Got an abyssal rune of Zot
116929 | Abyss:3  | Found a corrupted altar of Lugonu.
116962 | Depths:3 | Escaped the Abyss
117144 | Zot:5    | Got the Orb of Zot
117376 | D:15     | Noticed Eggim the pandemonium lord
117498 | D:9      | Noticed Becsewn the pandemonium lord
117500 | D:9      | Killed Becsewn the pandemonium lord
117541 | D:5      | Noticed Oqel the pandemonium lord
117635 | D:1      | Noticed Ditaihix the pandemonium lord
117642 | D:$      | Escaped with the Orb!

Illustrated notes

Levels and vault maps discovered:
D:1:      psy_arrival_dodecagon, layout_loops_ring
D:2:      layout_loops_ring
D:3:      layout_loops_cross, serial_forest, infiniplex_forest_zigzag_1,
          infiniplex_forest_end_double, infiniplex_forest_end_double,
          infiniplex_forest_lined_2, infiniplex_forest_lined_room_2,
          infiniplex_forest_join, infiniplex_forest_3_way,
          dreamdust_wishing_well, minmay_snake_closets, uniq_terence
D:4:      layout_basic
D:5:      layout_loops_ring, okawaru_gym_becter,
          minmay_temple_entry_sparse_star, minivault_25
D:6:      layout_rooms, mainiacjoe_overflow_surrounded_room,
          kennysheep_cross_bottleneck, dk_vineyard_3, serial_bayou_pond_c,
          uniq_maggie, uniq_grinder
D:7:      layout_basic, serial_shops, shop, chequers_decorated_corner
D:8:      layout_basic, erik_lair_island, uniq_pikel, uniq_grum
D:9:      layout_gridville, uniq_amaemon
D:10:     layout_stronghold, nicolae_ru_awakened_eye, hangedman_glass_teeth
D:11:     layout_loops_corners, david_orc_5, portal_ice_cave_entry_pillars_2
D:12:     cheibrodos_frozen_isle, layout_basic, minmay_misc_feat_nine_boxes
D:13:     lemuel_bear_cage, layout_basic
D:14:     layout_basic, grunt_vaults_entry_fortified,
          nicolae_wu_jian_wuxing_cycle, serial_shops,
          nicolae_shop_pleasant_corner_grove, hellmonk_guarded_unrand_gong
D:15:     hangedman_depths_entry_civil_slaughter, layout_basic,
          nicolae_trove_entry_crossroad, nicolae_vehumet_altar_sigil,
          door_vault, uniq_kirke
Temple:   hellmonk_temple_divided_pantheon
Lair:1:   layout_layer_cave, basic_altar, uniq_erica
Lair:2:   layout_chaotic_city, spider_nest_entry_rubble, beast_lair_carwin_9
Lair:3:   nzn_winding_woodlands_small [nzn_winding_woodlands_5x15_sawtooth,
          nzn_winding_woodlands_center_pierced_h,
          nzn_winding_woodlands_5x15_pool], layout_gridlike,
          skrybe_swamp_entry_bodies, grunt_megastairs_3
Lair:4:   layout_cave_pods, serial_bayou_shore_a, grunt_megastairs_5
Lair:5:   due_jungle_book, layout_concentric_octagons, slime_entry_1,
          st_stairs_6, nicolae_lair_liquid_snakes
Swamp:1:  layout_basic_swamp, evilmike_swamp_ruin_house_4, swamp_pool3
Swamp:2:  nicolae_swamp_wrong_neighborhood, layout_falls_marsh,
          evilmike_swamp_ruin_house_5, swamp_pool4
Swamp:3:  layout_basic_swamp, nicolae_swamp_big_swirl,
          infiniplex_staircase_pool_2
Swamp:4:  swamp_alternative, layout_basic_swamp, infiniplex_staircase_pool
Spider:1: layout_spider_delve, drop_trap
Spider:2: layout_spider_delve, drop_trap, nicolae_spider_webs_and_nodes,
          uniq_nikola
Spider:3: layout_spider_delve
Spider:4: spider_rune_water, drop_trap, uniq_mara
Slime:1:  layout_caves
Slime:2:  layout_caves, basic_altar
Slime:3:  layout_caves, nicolae_slime_round_cave
Slime:4:  layout_caves
Slime:5
Orc:1:    layout_caves, basic_altar, david_defended_altar_orc, uniq_snorg,
          uniq_nergalle
Orc:2:    grunt_orc_community_town_hall, layout_caves,
          grunt_orc_community_big_house_2, grunt_orc_community_big_house_1,
          grunt_orc_community_house_1, grunt_orc_community_house_2,
          grunt_orc_community_house_2, grunt_orc_community_house_3,
          grunt_orc_community_house_1, serial_shops, shop
Elf:1:    minmay_elf_arrival_plus, layout_loops_corners, gammafunk_ghost_grave,
          hangedman_corner_corridor
Elf:2:    nicolae_elf_blades_splatter_lattice [nooodl_blade_entry_preview],
          layout_geoelf_diagonals, serial_shops, nicolae_shop_mannequins,
          grunt_megastairs_1
Elf:3:    minmay_elf_hall_four_x, layout_geoelf_grid,
          amcnicky_mini_corridor_feature, uniq_zenata, uniq_asterion
Vaults:1: portal_desolation_entry_ruin, hangedman_vaults_capsules,
          ontoclasm_vaults_hangar, v_alt_pattern_4, nicolae_vaults_wine_cellar,
          ontoclasm_vaults_decontamination, nicolae_vaults_tangram_2,
          st_more_cells, hangedman_vaults_nails,
          nicolae_vaults_closet_pinwheel_3,
          nicolae_vaults_doubleplus_tesselated, v_pattern_3,
          vaults_dpeg_emergency_exit, layout_vaults_big_room, uniq_donald
Vaults:2: nicolae_vaults_swerve, vaults_room_large_hall,
          minmay_crypt_entry_nasty_monster, nicolae_vaults_sealed_display,
          nicolae_vaults_network_s, nicolae_vaults_tetromino_T_1,
          nicolae_vaults_taking_the_gang_shopping,
          nicolae_vaults_know_your_exits, nicolae_vaults_trapezoid_4,
          vaults_dpeg_hooks, nicolae_vaults_layer_cake_slice,
          nicolae_vaults_sesquioval_fish, vaults_room_corners,
          vaults_standard_mumra_lines, layout_vaults_big_cross
Vaults:3: v_rooms_1, grunt_vaults_trifunnel, nicolae_vaults_tetromino_T_1,
          nicolae_vaults_tetromino_T_1, v_misc_5, hangedman_vaults_hat,
          nicolae_vaults_diagonal_hallway_8, vaults_room_grid, v_misc_30,
          nicolae_vaults_security_offices_5, nicolae_vaults_alarming,
          v_alt_pattern_1, ontoclasm_vaults_hangar, nicolae_vaults_trapezoid_1,
          nicolae_vaults_offset_grid_hallway_2, layout_vaults_maze_bifur
Vaults:4: infiniplex_enter_wizlab_spiral, nicolae_vaults_double_plus_3,
          nicolae_vaults_trapezoid_lopsided_3, nicolae_vaults_mitosis,
          nicolae_vaults_theta, nicolae_vaults_six-pack, vaults_room_pools,
          v_misc_24, nicolae_vaults_tetromino_L_1, nicolae_vaults_house_2,
          layout_vaults_omnigrid, serial_shops, nicolae_shop_just_a_little_nook
Vaults:5
Crypt:1:  layout_regular_city, grunt_crypt_arrival_webbed
Crypt:2:  layout_chaotic_city, minivault_26, palyth_stone_intersect,
          st_chilly_death, uniq_vv
Crypt:3:  church_of_pain_bobbens, layout_chaotic_city, tomb_entry_simple_bobbens
Depths:1: layout_gridville, grunt_pan_entry_in_and_out, special_room
          [special_room_magic_class], hangedman_coc_ice_floe,
          corexii_hall_statues_i, minivault_1,
          nicolae_hepliaklqana_monster_ancestors
Depths:2: grunt_forest_end_shrine, layout_small_grid,
          nicolae_figureground_pulse, gammafunk_ghost_berserking_beasts,
          hell_entry, pan_entry, serial_bayou_pond_d
Depths:3: minmay_expanding_circles, layout_basic, enter_ziggurat_d, hellmouth_1,
          nicolae_abyss_entry_one_way_or_another, serial_shops, bzr_entry_gold,
          serial_sigils, serial_sigils_hangedman_snap,
          serial_sigils_hangedman_clutch, serial_sigils_hangedman_quiver,
          serial_sigils_hangedman_quiver, serial_sigils_hangedman_shear
Depths:4: evilmike_zot_entry_diamond, layout_honeycomb, grunt_mini_vestibule,
          pan_entry, chequers_serial_rivers_small_a, uniq_frederick
Hell
Geh:1:    layout_gehenna_pools_basic
Coc:1:    layout_cocytus_water_paths
Coc:2:    layout_cocytus_delve
Zot:1:    layout_onion_interference, grunt_ministairs_1
Zot:2:    layout_misc_corridors, ebering_ghost_gozag
Zot:3:    layout_misc_corridors
Zot:4:    layout_basic, zot_minivault_3, uniq_grunn
Zot:5:    layout_basic

Skill      XL: |  1  2  3  4  5  6  7  8  9 10 11 12 13 14 15 16 17 18 19 20 21 22 23 24 25 26 27 |
---------------+----------------------------------------------------------------------------------+-----
Short Blades   | 4 5 |  5.0
Air Magic      | 1 2 4 5 7 9 13 15 16 17 18 19 | 19.9
Conjurations   | 4 5 6 7 8 9 10 12 13 14 15 16 17 19 | 19.9
Transmutations | 2 5 8 10 | 10.0
Fighting       | 3 4 6 8 10 12 13 14 15 16 17 18 | 18.0
Spellcasting   | 4 5 6 7 8 10 11 12 13 14 15 16 17 19 | 19.9
Throwing       | 1 6 |  6.0
Stealth        | 1 3 0 |  0.0
Dodging        | 4 5 7 9 11 12 | 12.0
Poison Magic   | 3 4 |  4.0
Earth Magic    | 4 5 7 8 9 10 0 |  0.0
Evocations     | 4 5 7 8 10 11 12 14 | 14.0
Fire Magic     | 5 8 10 12 13 14 15 16 17 18 | 18.0
Shields        | 4 7 9 10 12 13 | 13.1
Translocations | 5 7 |  7.0
Hexes          | 4 5 0 |  0.0
Invocations    | 2 5 7 10 21 | 21.0
Necromancy     | 3 0 |  0.0

Action                     |  1- 3 |  4- 6 |  7- 9 | 10-12 | 13-15 | 16-18 | 19-21 | 22-24 | 25-27 || total
---------------------------+-------+-------+-------+-------+-------+-------+-------+-------+-------++-------
  Melee: Short sword       |    31 |       |       |       |       |       |       |       |       ||    31
         Constrict         |     5 |     6 |    12 |    14 |    23 |    14 |    32 |     3 |     8 ||   117
         Tentacles         |     2 |     5 |    10 |    14 |    35 |    16 |    41 |     4 |    29 ||   156
         Dagger            |     5 |     1 |       |       |       |       |       |       |       ||     6
         Long sword        |       |    33 |    55 |    71 |   115 |    45 |    79 |       |       ||   398
         Punch             |       |       |     1 |       |     2 |     1 |     4 |       |     5 ||    13
         Staff             |       |       |       |       |       |     7 |    36 |    12 |    72 ||   127
  Throw: Stone             |     2 |     1 |       |       |       |       |       |       |       ||     3
         Boomerang         |       |       |       |     3 |       |       |     5 |       |       ||     8
         Dart              |       |       |       |       |     2 |     1 |     1 |       |       ||     4
         Throwing net      |       |       |       |       |     1 |     1 |       |       |       ||     2
   Cast: Shock             |    60 |    88 |   243 |   143 |   317 |   221 |    37 |       |       ||  1109
         Irradiate         |       |       |     6 |    81 |   131 |   138 |   104 |    26 |    81 ||   567
         Airstrike         |       |       |       |    56 |    10 |    96 |    49 |       |     6 ||   217
         Stone Arrow       |       |       |       |    32 |   256 |    71 |    52 |       |       ||   411
         Mephitic Cloud    |       |       |       |     3 |     4 |     8 |       |       |       ||    15
         Starburst         |       |       |       |       |   133 |   315 |    47 |       |       ||   495
         Iskenderun's Myst |       |       |       |       |     7 |     9 |     8 |     5 |    11 ||    40
         Apportation       |       |       |       |       |     1 |       |    16 |       |   109 ||   126
         Blink             |       |       |       |       |       |     2 |     1 |       |     1 ||     4
         Lee's Rapid Decon |       |       |       |       |       |    18 |    41 |    15 |     1 ||    75
         Poisonous Vapours |       |       |       |       |       |       |   167 |       |       ||   167
         Ignite Poison     |       |       |       |       |       |       |   145 |       |       ||   145
         Statue Form       |       |       |       |       |       |       |    40 |     3 |    11 ||    54
         Plasma Beam       |       |       |       |       |       |       |    92 |   624 |   933 ||  1649
         Sublimation of Bl |       |       |       |       |       |       |       |       |    66 ||    66
         Chain Lightning   |       |       |       |       |       |       |       |       |    85 ||    85
         Maxwell's Capacit |       |       |       |       |       |       |       |       |    27 ||    27
 Invoke: Potion Petition   |       |       |       |       |     2 |     2 |     4 |     3 |     8 ||    19
         Call Merchant     |       |       |       |       |       |     4 |       |       |       ||     4
         Sacrifice Words   |       |       |       |       |       |       |       |       |     1 ||     1
         Sacrifice Stealth |       |       |       |       |       |       |       |       |     1 ||     1
         Sacrifice Arcana  |       |       |       |       |       |       |       |       |     1 ||     1
Ability: End Transformatio |       |       |       |       |       |       |       |       |     1 ||     1
  Evoke: Wand              |       |       |       |       |    13 |     8 |    13 |     2 |    13 ||    49
         Lightning rod     |       |       |       |       |       |       |       |     4 |     5 ||     9
         Condenser vane    |       |       |       |       |       |       |       |     2 |     2 ||     4
         Phial of floods   |       |       |       |       |       |       |       |       |     1 ||     1
    Use: Scroll            |       |     6 |     4 |    12 |    20 |     6 |    18 |    12 |    26 ||   104
         Potion            |       |       |     3 |       |       |     7 |     6 |     4 |    17 ||    37
   Stab: Sleeping          |     5 |     5 |     4 |     2 |     1 |     2 |     6 |       |       ||    25
         Distracted        |       |       |       |     1 |       |       |     3 |       |       ||     4
         Paralysed         |       |       |       |       |       |     1 |     2 |       |     4 ||     7
 Armour: Skin              |     1 |     1 |       |     2 |     5 |     8 |   128 |    39 |    60 ||   244
  Dodge: Dodged            |    33 |    42 |   115 |   193 |   277 |   275 |   340 |   104 |   325 ||  1704
  Block: Buckler           |       |       |       |       |    61 |    83 |   139 |     2 |   126 ||   411
         Kite shield       |       |       |       |       |       |       |       |   117 |    90 ||   207
         Reflection        |       |       |       |       |       |       |       |    11 |     6 ||    17

Table legend: (Time is in decaauts)
 A = Elapsed time spent in this place.
 B = Non-inter-level travel time spent in this place.
 C = Inter-level travel time spent in this place.
 D = Time resting spent in this place.
 E = Time spent auto-exploring this place.
 F = Levels seen in this place.
 G = Mean time per level.
                   A        B        C        D        E       F      G
               +--------+--------+--------+--------+--------+-----+--------+
         Total | 119253 | 109617 |   9636 |  30171 |  62925 |  69 | 1728.3 |
       Dungeon |  26340 |  22549 |   3791 |   2876 |  16369 |  15 | 1756.0 |
        Temple |     53 |     36 |     17 |      0 |      6 |   1 |   53.0 |
          Lair |  10591 |   9539 |   1052 |   1013 |   6845 |   5 | 2118.2 |
         Swamp |   7078 |   6865 |    213 |    867 |   4985 |   4 | 1769.5 |
   Spider Nest |  10309 |   9504 |    805 |   4110 |   3939 |   4 | 2577.2 |
    Slime Pits |   4275 |   4097 |    178 |    884 |   2525 |   5 |  855.0 |
  Orcish Mines |   2674 |   2531 |    143 |     36 |   1996 |   2 | 1337.0 |
   Elven Halls |   8845 |   8570 |    275 |   2220 |   4871 |   3 | 2948.3 |
        Vaults |  11327 |  10222 |   1105 |   2403 |   6092 |   5 | 2265.4 |
         Crypt |   6081 |   5883 |    198 |   2031 |   3260 |   3 | 2027.0 |
        Depths |   8879 |   7873 |   1006 |   1892 |   4928 |   4 | 2219.8 |
          Hell |   1200 |   1129 |     71 |     47 |    966 |   1 | 1200.0 |
       Gehenna |     13 |     13 |      0 |      0 |      0 |   1 |   13.0 |
       Cocytus |    439 |    420 |     19 |    227 |    154 |   2 |  219.5 |
           Zot |  14728 |  13969 |    759 |   8282 |   4535 |   5 | 2945.6 |
         Abyss |   1140 |   1140 |      0 |    551 |     94 |   4 |  285.0 |
        Bazaar |    249 |    249 |      0 |      0 |    218 |   1 |  249.0 |
         Trove |     52 |     52 |      0 |      0 |      6 |   1 |   52.0 |
      Ice Cave |   1553 |   1553 |      0 |   1047 |    187 |   1 | 1553.0 |
        Wizlab |   1640 |   1640 |      0 |   1031 |    433 |   1 | 1640.0 |
    Desolation |   1778 |   1778 |      0 |    652 |    513 |   1 | 1778.0 |
               +--------+--------+--------+--------+--------+-----+--------+

Top non-repeatable levels by time:
   Zot:5: 5968 daAuts
Vaults:5: 3667 daAuts
    D:15: 3575 daAuts
   Elf:2: 3569 daAuts
Spider:3: 3417 daAuts
   Elf:3: 3242 daAuts
  Lair:5: 3177 daAuts
 Crypt:3: 3059 daAuts
Spider:2: 2748 daAuts
Depths:2: 2478 daAuts
   Zot:2: 2444 daAuts
    D:14: 2421 daAuts
   Zot:3: 2324 daAuts
Depths:1: 2289 daAuts
   Zot:4: 2280 daAuts
